 Dungeon Crawl Stone Soup version 0.30-a0-339-g89bb51ec76 (webtiles) character file.

Game seed: 9349810645978924775

88 oldriver the Ogre Mage (level 4, -1/45 HPs)
             Began as an Ogre Transmuter on Oct 31, 2022.
             Killed from afar by an orc wizard (9 damage)
             ... with a puff of flame
             ... on level 3 of the Dungeon.
             The game lasted 00:03:25 (1978 turns).

oldriver the Ogre Mage (Ogre Transmuter)            Turns: 1978, Time: 00:03:26

Health: -1/45      AC:  3    Str: 14    XL:     4   Next: 54%
Magic:  9/9        EV:  9    Int: 16    God:
Gold:   87         SH:  0    Dex:  9    Spells: 4/10 levels left

rFire   . . .      SeeInvis .      - Unarmed
rCold   . . .      Faith    .    (no shield)
rNeg    . . .      Spirit   .    a - +0 robe
rPois   .          Reflect  .    (helmet restricted)
rElec   .          Harm     .    (no cloak)
rCorr   .          Rampage  .    (gloves unavailable)
Will    .....                    (boots unavailable)
Stlth   +.........               (no amulet)
HPRegen 0.27/turn                (no ring)
MPRegen 0.11/turn                (no ring)

@: wereblooded (expiring)
A: large, unfitting armour, tough skin 1
a: no special abilities


You were on level 3 of the Dungeon.
You visited 1 branch of the dungeon, and saw 3 of its levels.

You collected 87 gold pieces.

Inventory:

Missiles
 m - 4 poisoned darts
Armour
 a - a +0 robe (worn)
Scrolls
 d - a scroll of identify {unknown}
 g - 2 scrolls of teleportation {unknown}
 h - a scroll of torment {unknown}
 i - a scroll of blinking {unknown}
 k - a scroll of immolation {unknown}
 l - a scroll of brand weapon {unknown}
Potions
 b - a potion of lignification
 c - a potion of attraction {unknown}
 e - a potion of curing {unknown}
 f - a potion of haste {unknown}
 j - a potion of degeneration {unknown}


   Skills:
 + Level 3.4 Fighting
 - Level 1.7 Dodging
 - Level 2.6 Unarmed Combat
 + Level 3.5 Spellcasting
 + Level 2.7 Transmutations


You had 4 spell levels left.
You knew the following spells:

 Your Spells              Type           Power      Damage    Failure   Level
a - Beastly Appendage     Tmut           22%        N/A       5%          1
b - Wereblood             Tmut           11%        N/A       9%          2
c - Spider Form           Tmut/Pois      7%         N/A       30%         3

Your spell library contained the following spells:

 Spells                   Type           Power      Damage    Failure   Level
 Gell's Gravitas          Tloc           2%         N/A       47%         3
 Teleport Other           Tloc           2%         N/A       47%         3
 Ice Form                 Ice/Tmut       7%         N/A       69%         4
 Dispersal                Tloc           1%         N/A       100%        6


Dungeon Overview and Level Annotations

Branches:
Dungeon (3/15)

Altars:
Sif Muna


Innate Abilities, Weirdness & Mutations

You are too large for most types of armour.
You have tough skin. (AC +1)


Message History

Something hits you.
You miss something. Your kick misses something.
Something hits you but does no damage.
You closely miss something. Your headbutt misses something.
You hear some strange, mumbled words.
Something tries to affect you, but you resist.
You miss something. Your headbutt misses something.
Your transformation is almost over.
Something hits you.
You closely miss something. Something hits you but does no damage.
You barely miss something. Your kick misses something.
You hear some strange, mumbled words.
A magic dart appears from out of thin air!
The magic dart hits you!
You hit something but do no damage. Your kick misses something.
Your headbutt misses something. Something hits you.
You closely miss something. Your headbutt misses something. Something hits you.
You closely miss something. Something hits you.
* * * LOW HITPOINT WARNING * * *
You barely miss something. Something hits you.
* * * LOW HITPOINT WARNING * * *
You hit something. You claw something. Your punch misses something.
Something hits you.
* * * LOW HITPOINT WARNING * * *
You closely miss something. Your kick misses something. Something hits you.
* * * LOW HITPOINT WARNING * * *
You barely miss something. Your headbutt misses something.
Your primal bloodlust is almost over.
An orc wizard appears from thin air!
Reactivating autopickup.
You hit the orc wizard.
The orc wizard is moderately wounded.
Your horns disappear.
Your talons disappear.
The orc wizard closely misses you.
You hit the orc wizard.
The orc wizard is heavily wounded.
You howl as the wereblood boils in your veins!
The orc wizard casts a spell at you. The puff of flame hits you!
You die...

#..# #########
#..####.##........
####.......##........
...........##........
#.###.###.###........
#.# #.# #...+........
#.###.###.###........
......##....#.##########
#.########......@oo.....
#.............#.########
#########.#####...
##....# ##### ##<.####
####..## #.....#
#.###.......
..######...#


You could see an orc wizard and an orc.

Vanquished Creatures
  3 adders
  2 dart slugs
  2 orcs (D:3)
  7 bats
  2 endoplasms
  2 goblins (D:2)
  6 hobgoblins
  6 jackals (D:1)
  7 kobolds
  3 quokkas
  5 ball pythons
  4 frilled lizards
  2 rats
51 creatures vanquished.

Notes
Turn   | Place    | Note
-------+----------+-------------------------------------------
     0 | D:1      | oldriver the Ogre Transmuter began the quest for the Orb.
     0 | D:1      | Reached XP level 1. HP: 19/19 MP: 3/3
   112 | D:1      | Reached XP level 2. HP: 15/28 MP: 5/5
   330 | D:1      | You fall into a shaft and drop 1 floor!
   596 | D:2      | Reached XP level 3. HP: 36/36 MP: 5/7
   704 | D:1      | Learned a level 2 spell: Wereblood
   708 | D:1      | Learned a level 3 spell: Spider Form
  1232 | D:2      | Found a shimmering blue altar of Sif Muna.
  1433 | D:2      | Reached XP level 4. HP: 42/45 MP: 6/8
  1554 | D:2      | Found a faded altar of an unknown god.
  1978 | D:3      | Killed from afar by an orc wizard

Illustrated notes

Levels and vault maps discovered:
D:1:      dpeg_arrival_long_road, layout_basic
D:2:      layout_basic, shapermc_ecumenical_altar_totnotflames, basic_altar
D:3:      layout_basic

Skill      XL: |  1  2  3 |
---------------+----------+-----
Transmutations | 2 |  2.7
Fighting       | 2 3 |  3.4
Spellcasting   | 3 |  3.5
Dodging        | |  1.7
Unarmed Combat | |  2.6

Action                   |  1- 3 |  4- 6 || total
-------------------------+-------+-------++-------
Melee: Unarmed           |   126 |    43 ||   169
       Kick              |    26 |     9 ||    35
       Headbutt          |    17 |     3 ||    20
       Punch             |       |     1 ||     1
 Cast: Beastly Appendage |    29 |     5 ||    34
       Wereblood         |     2 |     1 ||     3
 Stab: Sleeping          |     2 |       ||     2
Armor: Robe              |    50 |    11 ||    61
Dodge: Dodged            |    67 |    12 ||    79

Table legend: (Time is in decaauts)
 A = Elapsed time spent in this place.
 B = Non-inter-level travel time spent in this place.
 C = Inter-level travel time spent in this place.
 D = Time resting spent in this place.
 E = Time spent auto-exploring this place.
 F = Levels seen in this place.
 G = Mean time per level.
                   A        B        C        D        E       F      G
               +--------+--------+--------+--------+--------+-----+--------+
         Total |   1970 |   1913 |     57 |     18 |   1416 |   3 |  656.7 |
       Dungeon |   1970 |   1913 |     57 |     18 |   1416 |   3 |  656.7 |
               +--------+--------+--------+--------+--------+-----+--------+

Top non-repeatable levels by time:
     D:2: 1087 daAuts
     D:1: 730 daAuts
     D:3: 152 daAuts
